AoeStats
← larrery

Arabia

510007641Analyzed
1v1 RM · 4d ago on Sep 29, 2026· 28m 56s· 2 players
Game mode
Random Map
Map size
Tiny (2 player)
Population
200
Speed
Normal
Resources
Standard
Victory
Conquest
Starting age
Dark Age
Ending age
Imperial Age
RankedLock teamsTeams togetherTeam positionsShared explorationLock speedFull tech treeHidden civsTurbo modeCheats
Victory
Defeat
🇧🇷 Bulgarians · Brazil
931
+17
🇨🇴 Muisca · Colombia
955
-17
_nacev
8:03 Loom
10:40 Feudal Age
12:02 Double-Bit Axe
22:59 Castle Age
22:53 Scale Barding Armor
22:33 Horse Collar
23:51 Bloodlines
24:15 Forging
23:59 Gold Mining
25:50 Bow Saw
larrery
6:18 Loom
9:39 Feudal Age
15:12 Fletching
17:14 Padded Archer Armor
21:06 Castle Age
19:46 Double-Bit Axe
19:54 Gold Mining
28:53 Imperial Age
27:45 Horse Collar
Connection lost

Rejoining the realm…

Still unreachable

The connection could not be restored.

Session expired

The server has moved on; the page needs a fresh start.